 Dungeon Crawl Stone Soup version 0.29.1-15-g9cfb28693d (webtiles) character file.

Game seed: 5227986027268500820

2048946 LustLizard the Timeless (level 27, 220/220 HPs)
             Began as a Gnoll Wanderer on Mar 17, 2023.
             Was a High Priest of Cheibriados.
             Escaped with the Orb
             ... and 4 runes!
             The game lasted 03:42:58 (85716 turns).

LustLizard the Timeless (Gnoll Wanderer)           Turns: 85716, Time: 03:42:59

Health: 220/220    AC: 37    Str: 44      XL:     27
Magic:  50/50      EV: 22    Int: 30      God:    Cheibriados [*****.]
Gold:   1492       SH: 22    Dex: 25 (29) Spells: 12/63 levels left

rFire   + . .      SeeInvis +     - Unarmed
rCold   + + +      Faith    .   y - +5 kite shield {AC+3}
rNeg    + . .      Spirit   .   Z - +4 gold dragon scales
rPois   +          Reflect  .   (no helmet)
rElec   +          Harm     .   a - +2 cloak {Will+}
rCorr   .          Rampage  .   o - +2 pair of gloves {Str+3}
Will    ++++.                   F - +1 pair of boots
Stlth   +.........              U - amulet "Firon" {RegenMP rPois rN+ Regen+ SInv}
HPRegen 1.26/turn               g - ring "Entuomy" {rPois Str+3 Dex+4 Slay+5 Stlth+}
MPRegen 0.72/turn               Q - ring "Rimidgh" {rElec rC++ AC+4 Str+7}

@: very slow
A: fangs 1, strong nose, distributed training, deformed body, deterioration 1,
dopey 1, high MP 1, strong-willed 1
0: Orb of Zot
}: 4/15 runes: decaying, serpentine, silver, abyssal
a: Renounce Religion, Bend Time, Temporal Distortion, Slouch, Step From Time


You escaped.
You worshipped Cheibriados.
Cheibriados was extremely pleased with you.
You visited 11 branches of the dungeon, and saw 49 of its levels.
You visited the Abyss 1 time.
You visited 1 bazaar.
You also visited: Ice Cave and Wizlab.

You collected 8733 gold pieces.
You spent 7241 gold pieces at shops.

Inventory:

Hand Weapons
 p - the +4 battleaxe of Diet Blood {elec, rPois Will+}
   (You bought it in a shop on level 2 of the Depths)

   It occasionally discharges a powerful burst of electricity upon striking a
   foe.
   rPois:     It protects you from poison.
   Will:      It increases your willpower.
 A - a +9 executioner's axe of flaming
Armour
 a - a +2 cloak of willpower (worn)
 f - a +1 helmet
 o - a +2 pair of gloves of strength (worn)
 y - a +5 kite shield of protection (worn)
 F - a +1 pair of boots (worn)
 Z - +4 gold dragon scales (worn)
Jewellery
 b - a ring of willpower
 g - the ring "Entuomy" (left hand) {rPois Str+3 Dex+4 Slay+5 Stlth+}
   (You bought it in a shop on level 2 of the Depths)

   [ring of poison resistance]

   Str:       It affects your strength (+3).
   Dex:       It affects your dexterity (+4).
   Slay:      It affects your accuracy & damage with ranged weapons and melee
   (+5).
   rPois:     It protects you from poison.
   Stlth:     It makes you more stealthy.
 l - a ring of protection from fire
 s - the ring of Agareaw {Fly Slay+2}
   (You found it on level 5 of the Vaults)

   [ring of flight]

   Slay:      It affects your accuracy & damage with ranged weapons and melee
   (+2).
   Fly:       It grants you flight.
 z - the ring "Hufufof" {rPois rC+ rN+ Dex+3}
   (You found it on level 1 of the Vaults)

   [ring of protection from cold]

   Dex:       It affects your dexterity (+3).
   rC:        It protects you from cold.
   rPois:     It protects you from poison.
   rN:        It protects you from negative energy.
 D - a ring of positive energy
 Q - the ring "Rimidgh" (right hand) {rElec rC++ AC+4 Str+7}
   (You took it off a spriggan rider on level 2 of the Swamp)

   [ring of protection]

   AC:        It affects your AC (+4).
   Str:       It affects your strength (+7).
   rC:        It greatly protects you from cold.
   rElec:     It insulates you from electricity.
 U - the amulet "Firon" (around neck) {RegenMP rPois rN+ Regen+ SInv}
   (You bought it in a shop on level 2 of the Snake Pit)

   [amulet of magic regeneration]

   It increases your rate of magic regeneration.
   rPois:     It protects you from poison.
   rN:        It protects you from negative energy.
   SInv:      It lets you see invisible.
   Regen:     It increases your rate of health regeneration.
 W - a ring of resist corrosion
Wands
 d - a wand of mindburst (28)
 v - a wand of paralysis (36)
 E - a wand of digging (21)
 G - a wand of light (47)
 M - a wand of flame (69)
 S - a wand of roots (43)
Scrolls
 c - 10 scrolls of silence
 h - 3 scrolls of teleportation
 q - 11 scrolls of poison
 B - 8 scrolls of immolation
 K - 15 scrolls of butterflies
 N - 11 scrolls of amnesia
 P - 4 scrolls of magic mapping
 V - 2 scrolls of fear
Potions
 i - 5 potions of might
 j - 3 potions of curing
 m - 12 potions of lignification
 t - 7 potions of brilliance
 u - 10 potions of flight
 w - 4 potions of berserk rage
 H - 2 potions of cancellation
 I - 5 potions of resistance
 O - 7 potions of magic
 T - 6 potions of ambrosia
 Y - a potion of invisibility
Miscellaneous
 e - a box of beasts
 k - a phial of floods
 r - a phantom mirror
 x - a tin of tremorstones (2/2)
 C - a condenser vane


   Skills:
 + Level 18.9 Fighting
 + Level 18.8 Short Blades
 + Level 18.8 Long Blades
 + Level 18.8 Axes
 + Level 18.8 Maces & Flails
 + Level 19.2 Polearms
 + Level 18.8 Staves
 + Level 18.8 Ranged Weapons
 + Level 18.8 Throwing
 + Level 18.9 Armour
 + Level 18.8 Dodging
 + Level 19.1 Stealth
 + Level 18.8 Shields
 + Level 18.8 Unarmed Combat
 + Level 18.9 Spellcasting
 + Level 16.0 Conjurations
 + Level 16.0 Hexes
 + Level 16.0 Summonings
 + Level 16.0 Necromancy
 + Level 16.0 Translocations
 + Level 16.0 Transmutations
 + Level 16.8 Fire Magic
 + Level 16.0 Ice Magic
 + Level 16.0 Air Magic
 + Level 16.0 Earth Magic
 + Level 16.0 Poison Magic
 + Level 20.3 Invocations
 + Level 18.8 Evocations


You had 12 spell levels left.
You knew the following spells:

 Your Spells              Type           Power      Damage    Failure   Level
a - Foxfire               Conj/Fire      100%       2x1d9     0%          1
b - Blink                 Tloc           100%       N/A       1%          2
c - Animate Armour        Summ/Erth      100%       N/A       1%          4
d - Manifold Assault      Tloc           90%        N/A       1%          5
e - Flame Wave            Conj/Fire      91%        2d19      1%          4
f - Summon Cactus Giant   Summ           45%        N/A       2%          6
g - Iron Shot             Conj/Erth      45%        9d9       2%          6
h - Statue Form           Tmut/Erth      60%        N/A       2%          6
i - Summon Forest         Summ/Tloc      45%        N/A       1%          5
j - Summon Hydra          Summ           45%        N/A       13%         7
k - Silence               Hex/Air        45%        N/A       1%          5

Your spell library contained the following spells:

 Spells                   Type           Power      Damage    Failure   Level
 Beastly Appendage        Tmut           100%       N/A       0%          1
 Magic Dart               Conj           100%       1d8       0%          1
 Necrotise                Necr           100%       1d9       0%          1
 Sandblast                Erth           100%       2d20      0%          1
 Shock                    Conj/Air       100%       1d9       0%          1
 Scorch                   Fire           100%       2d10      0%          2
 Call Imp                 Summ           90%        N/A       1%          2
 Passwall                 Tmut/Erth      75%        N/A       1%          2
 Searing Ray              Conj           100%       2d8       1%          2
 Static Discharge         Conj/Air       90%        3-15/arc  1%          2
 Sublimation of Blood     Necr           90%        N/A       1%          2
 Wereblood                Tmut           90%        N/A       1%          2
 Call Canine Familiar     Summ           90%        N/A       1%          3
 Confusing Touch          Hex            90%        N/A       1%          3
 Conjure Flame            Conj/Fire      91%        6-21      1%          3
 Dazzling Flash           Conj/Hex       100%       N/A       1%          3
 Gell's Gravitas          Tloc           90%        N/A       1%          3
 Ignite Poison            Fire/Tmut/Pois 90%        N/A       1%          3
 Inner Flame              Hex/Fire       91%        N/A       1%          3
 Lesser Beckoning         Tloc           90%        N/A       1%          3
 Mephitic Cloud           Conj/Pois/Air  90%        N/A       1%          3
 Ozocubu's Armour         Ice            90%        N/A       1%          3
 Portal Projectile        Hex/Tloc       100%       N/A       1%          3
 Spider Form              Tmut/Pois      90%        N/A       1%          3
 Stone Arrow              Conj/Erth      100%       3d13      1%          3
 Summon Guardian Golem    Hex/Summ       90%        N/A       1%          3
 Swiftness                Air            90%        N/A       1%          3
 Teleport Other           Tloc           90%        N/A       1%          3
 Tukima's Dance           Hex            90%        N/A       1%          3
 Vampiric Draining        Necr           90%        2d12      1%          3
 Airstrike                Air            45%        2d(7-23)  1%          4
 Anguish                  Hex/Necr       45%        N/A       1%          4
 Animate Dead             Necr           90%        N/A       1%          4
 Cause Fear               Hex            45%        N/A       1%          4
 Corpse Rot               Necr/Pois/Air  90%        N/A       1%          4
 Dispel Undead            Necr           90%        3d29      1%          4
 Fulminant Prism          Conj/Hex       45%        3d21      1%          4
 Hailstorm                Conj/Ice       90%        3d18      1%          4
 Ice Form                 Ice/Tmut       90%        N/A       1%          4
 Iskenderun's Mystic Bla  Conj/Tloc      90%        2d18      1%          4
 Leda's Liquefaction      Hex/Erth       45%        N/A       1%          4
 Passage of Golubria      Tloc           90%        N/A       1%          4
 Petrify                  Tmut/Erth      90%        N/A       1%          4
 Sticky Flame             Conj/Fire      91%        2d10      1%          4
 Summon Ice Beast         Ice/Summ       90%        N/A       1%          4
 Agony                    Necr           90%        N/A       1%          5
 Blade Hands              Tmut           45%        N/A       1%          5
 Fireball                 Conj/Fire      45%        3d18      1%          5
 Freezing Cloud           Conj/Ice/Air   45%        6-21      1%          5
 Irradiate                Conj/Tmut      45%        3d26      1%          5
 Iskenderun's Battlesphe  Conj           90%        2d14      1%          5
 Lee's Rapid Deconstruct  Erth           45%        3d23*     1%          5
 Metabolic Englaciation   Hex/Ice        45%        N/A       1%          5
 Summon Mana Viper        Hex/Summ       90%        N/A       1%          5
 Yara's Violent Unravell  Hex/Tmut       45%        3d18      1%          5
 Starburst                Conj/Fire      45%        6d13      1%          6
 Conjure Ball Lightning   Conj/Air       45%        3x3d16    2%          6
 Death Channel            Necr           45%        N/A       2%          6
 Dispersal                Tloc           45%        N/A       2%          6
 Simulacrum               Ice/Necr       45%        N/A       2%          6
 Dragon Form              Tmut           45%        N/A       13%         7
 Enfeeble                 Hex            45%        N/A       13%         7
 Haunt                    Necr/Summ      45%        N/A       13%         7
 Orb of Destruction       Conj           45%        9d12      13%         7
 Ozocubu's Refrigeration  Ice            45%        4d17      13%         7
 Ignition                 Fire           46%        3d13      56%         8
 Borgnjor's Revivificati  Necr           45%        N/A       69%         8
 Discord                  Hex            45%        N/A       69%         8
 Disjunction              Tloc           45%        N/A       69%         8
 Necromutation            Tmut/Necr      45%        N/A       69%         8
 Death's Door             Necr           45%        N/A       100%        9
 Dragon's Call            Summ           45%        N/A       100%        9


Dungeon Overview and Level Annotations

Branches:
Dungeon (15/15)            Temple (1/1) D:4            Lair (5/5) D:11
  Swamp (4/4) Lair:2        Snake (4/4) Lair:2        Slime (1/5) Lair:5
    Orc (2/2) D:10            Elf (3/3) Orc:2        Vaults (5/5) D:13
  Crypt (0/3) Vaults:3     Depths (4/4) D:15            Zot (5/5) Depths:4
  IceCv (visited)          WizLab (visited)

Altars:
Ashenzari
Cheibriados
Dithmenos
Elyvilon
Fedhas
Gozag
Hepliaklqana
Kikubaaqudgha
Makhleb
Nemelex Xobeh
Okawaru
Qazlal
Ru
Sif Muna
Trog
Uskayaw
Vehumet
Wu Jian
Xom
Yredelemnul
Zin
The Shining One
Jiyva

Shops:
D:2 *!*((   D:11 [   D:13 [   Orc:2 :![(*   Elf:2 **[?:   Elf:3 !   Snake:1 :
Snake:2 =:=   Snake:3 *   Snake:4 (   Vaults:5 *!   Depths:2 (=?=(

Portals:
Hell: Depths:1 Depths:2 Depths:3 Depths:4
Abyss: Depths:3
Pandemonium: Depths:2
Ziggurat: Depths:1

Annotations:
D:10 exclusion: 3 oklob plants
D:13 2 runed translucent doors
Lair:2 2 transporters
Lair:4 3 runed translucent doors, Wuocso Bagia's ghost, journeyman TeSu
Depths:3 2 transporters
Zot:4 1 transporter


Innate Abilities, Weirdness & Mutations

You have very sharp teeth.
Your uncanny sense of smell can sniff out nearby items.
Your experience applies equally to all skills.
Armour fits poorly on your strangely shaped body.
Your body sometimes deteriorates upon taking damage.
You are dopey. (Int -2)
You have an increased reservoir of magic. (+10% MP)
You are strong-willed. (Will+)


Message History

Cheibriados appreciates the change of pace.
There is a stone staircase leading up here.
Casting: Manifold Assault (mildly dangerous; 1% risk of failure)
Press: ? - help, Q - select action, (/) - cycle Dir - look around, f - activate
Okay, then.
You climb upwards.
There is a stone staircase leading down here.
You see here a +0 shortbow.
There is an open door here.
There is an open door here.
There is a stone staircase leading up here.
You climb upwards.
There is a stone staircase leading down here.
There is a stone staircase leading up here.
You climb upwards.
There is a stone staircase leading down here.
There is a stone staircase leading up here.
You climb upwards.
There is a stone staircase leading down here.
There is a stone staircase leading up here.
You climb upwards.
There is a stone staircase leading down here.
Cheibriados lowers the support of your attributes as your movement quickens.
You can't go up here!
An Orb Guardian comes into view.
There is a stone staircase leading up here.
You climb upwards.
There is a stone staircase leading down here.
There is an escape hatch in the ceiling here.
A mysterious force pulls you upwards. The hatch slams shut behind you.
A Puvor, a ynoxinul, an ancient lich and an Ice Fiend come into view.
You step out of the flow of time.
You return to the normal time flow.
Cheibriados lowers the support of your attributes as your movement quickens.
There is a stone staircase leading up here.
You climb upwards.
There is a stone staircase leading down here.
Magic restored.
There is a fountain of clear blue water here.
There is a staircase leading out of the dungeon here.
You have escaped!

#.# ### #.# #.# ######### #.#
#############.......### #.##
#...............###...### ...#
####..##♣♣♣.♣♣♣##..# #.#....
#..###.....# ♣⌠♣ #..###...###
...##..##..♣♣♣♣♣.♣♣♣♣♣..#.......#
.......##.....⌠.@.⌠.....#.##.##.#
...##......♣♣♣♣♣.♣♣♣♣♣.......##.#
#..#####...# ♣⌠♣ #....##.##.#
#..# ##..##♣♣♣.♣♣♣##....#..##.#
...# #.....................#.#
#'## ######...######...#...#.#
...## ###......# #.........#
....## #........# #..)....###
.....## ##.#..##..# #.#...#.##.


There were no monsters in sight!

Vanquished Creatures
  3 dread liches (Zot:5)
  Mennas (Vaults:3)
  2 orbs of fire (Zot:5)
  A juggernaut (Depths:4)
  Mara (Elf:3)
  Sojobo (Vaults:3)
  Boris (Vaults:4)
  the Lernaean hydra (Swamp:4)
  7 Killer Klowns (Zot:5)
  Bai Suzhen (Vaults:5)
  3 curse toes
  9 golden dragons
  the Enchantress (Depths:3)
  A bone dragon (Abyss:3)
  3 doom hounds (Depths:4)
  A Tzitzimitl (Depths:4)
  5 electric golems
  10 tentacled monstrosities
  Jorgrun (D:15)
  26 Orb Guardians
  A walking crystal tome (Depths:4)
  5 deep elf master archers
  5 liches
  Grunn (Depths:4)
  2 titans (Vaults:5)
  10 quicksilver dragons
  A kraken (Abyss:3)
  3 deep elf blademasters (Elf:3)
  Agnes (Elf:1)
  6 death cobs
  3 thorn hunters
  4 draconian monks
  26 storm dragons
  Frances (Swamp:2)
  8 shadow dragons
  8 tengu reavers
  5 nagarajas (Snake:4)
  A sphinx (Vaults:2)
  6 fire giants
  Donald (Swamp:3)
  A revenant (Vaults:3)
  3 fenstrider witches (WizLab)
  3 draconian knights
  7 deep elf sorcerers
  Roxanne (Elf:1)
  23 vault wardens
  Aizul (Snake:4)
  3 balrugs
  2 deep elf elementalists (Elf:3)
  9 frost giants
  4 orc warlords
  8 draconian scorchers
  4 ghost moths
  5 draconian stormcallers
  5 iron dragons
  4 draconian annihilators
  An angel (Abyss:3)
  4 spriggan defenders (Depths:3)
  8 draconian shifters
  14 very ugly things
  9 stone giants
  2 war gargoyles
  3 reapers (Depths:4)
  18 green draconians
  7 eleionomae
  A vampire knight (Depths:2)
  A putrid mouth (Depths:4)
  11 ironbound thunderhulks
  14 ironbound preservers
  4 entropy weavers
  Azrael (D:15)
  A lorocyproca (Depths:2)
  5 deep elf demonologists
  4 dire elephants (Vaults:2)
  17 yellow draconians
  A bunyip (Swamp:2)
  13 red draconians
  5 deep elf annihilators
  9 black draconians
  12 purple draconians
  17 white draconians
  7 spark wasps
  4 crystal guardians
  13 ettins
  4 deep elf death magi
  A blizzard demon (Depths:4)
  Josephine (D:15)
  9 yaktaur captains
  9 deep elf high priests
  6 fire dragons
  6 great orbs of eyes
  2 shambling mangroves
  2 jiangshi (Depths:3)
  3 salamander tyrants (Snake:4)
  7 boulder beetles
  Fannar (D:12)
  5 ice dragons
  21 hydras
  An ice dragon (shapeshifter) (Elf:1)
  28 vault guards
  5 peacekeepers
  13 ironbound frosthearts
  6 anacondas
  A ghost crab (Swamp:2)
  An ogre mage (Vaults:5)
  4 spriggan air magi
  2 catoblepae
  3 satyrs (WizLab)
  10 centaur warriors
  A nameless horror (Zot:5)
  4 two-headed ogres
  30 dancing weapons
  A deep troll shaman (Depths:4)
  2 alligators (Swamp:4)
  2 tengu warriors (Depths:2)
  14 naga warriors
  3 orc high priests
  10 naga sharpshooters
  2 vampire magi
  7 hell hogs
  4 thrashing horrors (Abyss:3)
  3 soul eaters (Depths:4)
  3 sun demons
  3 spriggan berserkers
  13 death yaks
  A sixfirhy (Depths:2)
  A shadow wraith (Depths:4)
  19 deep elf knights
  7 iron trolls
  6 shock serpents
  3 skeletal warriors (Depths:4)
  A fire crab (Abyss:3)
  3 sea snakes (shapeshifter)
  A quicksilver dragon simulacrum (Depths:4)
  A salamander mystic (Snake:4)
  4 goliath frogs (Swamp:1)
  4 spriggan druids
  14 deep trolls (Vaults:3)
  5 glowing orange brains
  A flayed ghost (Depths:2)
  5 bog bodies
  2 orb spiders (Zot:3)
  4 orc knights
  5 wizards
  8 swamp dragons
  10 deep elf archers
  4 naga ritualists
  10 lindwurms
  3 starcursed masses (Abyss:3)
  26 deep elf pyromancers
  2 necromancers
  A glowing orange brain (shapeshifter) (Vaults:5)
  2 phantasmal warriors (Vaults:5)
  14 ironbound convokers
  2 shining eyes (Slime:1)
  5 orc sorcerers
  26 ugly things
  33 deep elf zephyrmancers
  3 manticores
  A worldbinder (Abyss:3)
  8 mana vipers
  4 oklob plants
  3 cyclopes
  3 salamanders
  A moth of wrath (shapeshifter) (Vaults:1)
  A fire giant zombie (Depths:1)
  4 fauns (WizLab)
  2 salamanders (shapeshifter)
  2 ice statues
  3 guardian serpents
  33 moths of wrath
  38 black mambas
  19 elephants (Lair:5)
  16 vault sentinels
  2 human skeletons (Vaults:2)
  16 naga magi
  A gargoyle (D:11)
  5 torpor snails (Lair:5)
  7 cane toads
  9 rime drakes
  2 orange demons (Abyss:3)
  4 unseen horrors
  2 efreet
  5 freezing wraiths
  3 komodo dragons
  32 yaktaurs
  A kobold demonologist (D:12)
  A komodo dragon (shapeshifter) (Vaults:1)
  A tengu conjurer (D:15)
  A red devil (Depths:4)
  An ice devil (Depths:4)
  3 tormentors
  13 trolls
  A bloated husk (Swamp:4)
  9 tyrant leeches
  A queen bee (shapeshifter) (D:13)
  50 slime creatures
  A wind drake (shapeshifter) (Elf:3)
  Grinder (D:6)
  11 polar bears
  17 blink frogs
  18 hornets
  An ettin zombie (Depths:1)
  3 jumping spiders (Zot:3)
  Sigmund (D:5)
  A fire giant simulacrum (Depths:1)
  A jumping spider (shapeshifter) (Abyss:3)
  2 large abominations (Abyss:3)
  10 spriggans
  A ynoxinul (Abyss:3)
  5 shadows
  2 air elementals
  3 centaur simulacra
  6 fire elementals
  10 wraiths
  46 yaks
  3 water elementals
  2 wyverns
  Eustachio (D:6)
  7 hogs (Snake:2)
  2 redbacks (Vaults:2)
  4 basilisks
  20 swamp worms
  19 vampire mosquitoes
  A swamp worm (shapeshifter) (Depths:2)
  3 small abominations (Abyss:3)
  2 wargs (Orc:2)
  31 nagas
  A two-headed ogre zombie (D:10)
  19 water moccasins
  An acid dragon (D:9)
  4 hell hounds (D:15)
  7 swamp drakes
  A glowing shapeshifter skeleton (Vaults:2)
  36 orc warriors
  2 sky beasts
  2 ice beasts
  An ice beast (shapeshifter) (Elf:1)
  5 black bears
  5 ogres
  The ghost of BuddhaDhamma the Chopper, an amateur MiBe of Trog (D:4)
  A wolf (shapeshifter) (D:15)
  11 centaurs
  2 phantoms
  21 wolves
  10 bullfrogs
  2 kobold brigands (D:7)
  Blork the orc (D:6)
  A gnoll sergeant (D:9)
  4 necrophages
  3 scorpions
  2 earth elementals (Elf:1)
  3 wights (D:7)
  3 troll zombies (D:10)
  7 killer bees
  8 electric eels
  6 howler monkeys
  A quasit (Abyss:3)
  A gnoll bouda (D:7)
  3 hounds
  21 orc priests
  2 jellies (D:6)
  2 iguanas
  19 orc wizards
  4 ogre zombies (D:10)
  16 gnolls
  9 adders
  2 shadow imps
  4 white imps
  A howler monkey simulacrum (D:10)
  An ufetubus (D:10)
  2 worms
  3 dart slugs
  115 orcs
  5 bats
  6 endoplasms
  5 giant cockroaches
  3 goblins
  6 hobgoblins
  3 jackals (D:4)
  11 kobolds
  5 ball pythons
  4 frilled lizards
  A goblin skeleton (D:10)
  2 hobgoblin skeletons (D:10)
  5 hobgoblin zombies (D:10)
  4 orc skeletons (D:10)
  13 orc zombies (D:10)
  4 rats
  3 tentacles (Abyss:3)
1954 creatures vanquished.

Vanquished Creatures (collateral kills)
  A dread lich (Vaults:5)
  Boris (twice) (Depths:4 Vaults:5)
  A Killer Klown (Zot:5)
  Xtahua (Vaults:3)
  A deep elf blademaster (Elf:3)
  A tengu reaver (Vaults:3)
  Kirke (Snake:2)
  A daeva (Swamp:1)
  2 draconian stormcallers
  2 vault wardens (Vaults:5)
  Louise (Swamp:1)
  A draconian scorcher (Zot:5)
  A spriggan defender (Depths:3)
  A war gargoyle (Vaults:1)
  A reaper (Depths:4)
  A very ugly thing (Depths:4)
  A putrid mouth (Depths:4)
  A black draconian (Zot:2)
  3 red draconians
  A purple draconian (Zot:2)
  A white draconian (Zot:1)
  2 ettins
  A great orb of eyes (Vaults:3)
  An ice dragon (Depths:4)
  A spriggan air mage (Depths:3)
  3 yaktaur captains
  4 vault guards (Vaults:5)
  2 anacondas (Snake:3)
  A dancing weapon (Vaults:3)
  2 spriggan berserkers (Depths:3)
  A sun demon (Depths:4)
  A naga sharpshooter (Snake:3)
  A soul eater (Vaults:3)
  2 iron trolls (Depths:4)
  3 deep trolls (Depths:4)
  A naga ritualist (Snake:3)
  A deep elf pyromancer (Elf:3)
  2 moths of wrath (Zot:2)
  3 elephants (Lair:5)
  2 black mambas
  A guardian serpent (Snake:2)
  A naga mage (Snake:4)
  A hog (shapeshifter) (Vaults:5)
  3 nagas
  An orc warrior (Orc:1)
  2 nameless horrors
  A howler monkey (Orc:2)
  80 foxfires
150 creatures vanquished.

Vanquished Creatures (others)
  A yaktaur captain (Vaults:5)
  A shadow wraith (Vaults:1)
  A quicksilver dragon simulacrum (Depths:4)
  An ironbound convoker (Vaults:5)
  2 deep elf zephyrmancers (Elf:3)
  A bloated husk (Swamp:2)
  4 ettin simulacra (Depths:4)
  A killer bee (D:9)
  2576 foxfires
  98 fungi
  167 plants
  13 snaplasher vines
  7 tentacles (Abyss:3)
  2 toadstools (D:7)
2875 creatures vanquished.

Grand Total: 4979 creatures vanquished

Notes
Turn   | Place    | Note
-------+----------+-------------------------------------------
     0 | D:1      | LustLizard the Gnoll Wanderer began the quest for the Orb.
     0 | D:1      | LustLizard set off with the following items: a +2 spear, a
                  | +0 helmet, a scroll of silence, a +0 leather armour; and
                  | the following spell memorised: Foxfire; and the following
                  | spells available to memorise: Conjure Flame.
     0 | D:1      | Reached XP level 1. HP: 17/17 MP: 4/4
   381 | D:1      | Reached XP level 2. HP: 23/23 MP: 1/5
   799 | D:1      | Reached XP level 3. HP: 28/28 MP: 2/7
  1363 | D:2      | Reached skill level 1 in Invocations
  1474 | D:2      | Found Yvothuz's Distillery.
  1496 | D:2      | Reached skill level 1 in Short Blades
  1496 | D:2      | Reached skill level 1 in Long Blades
  1496 | D:2      | Reached skill level 1 in Axes
  1496 | D:2      | Reached skill level 1 in Maces & Flails
  1496 | D:2      | Reached skill level 1 in Staves
  1496 | D:2      | Reached skill level 1 in Ranged Weapons
  1496 | D:2      | Reached skill level 1 in Throwing
  1496 | D:2      | Reached skill level 1 in Dodging
  1496 | D:2      | Reached skill level 1 in Shields
  1496 | D:2      | Reached skill level 1 in Unarmed Combat
  1496 | D:2      | Reached skill level 1 in Evocations
  1497 | D:2      | Found Ythaemabb's General Store.
  1602 | D:2      | Bought a potion of curing for 42 gold pieces
  1718 | D:2      | Identified the +1 quarterstaff "Fiavveez" {venom, rC+ rCorr
                  | Dex+2}
  1924 | D:2      | Found Sileqeqi's Assorted Antiques.
  1933 | D:2      | Bought a brown potion for 20 gold pieces
  1933 | D:2      | Bought a smoky cyan potion for 20 gold pieces
  1944 | D:2      | Reached XP level 4. HP: 30/34 MP: 8/8
  2093 | D:2      | Found Dumpedir's Weapon Boutique.
  2281 | D:2      | Found Ebi Sysi's Antique Weapon Emporium.
  2306 | D:2      | Reached skill level 1 in Conjurations
  2306 | D:2      | Reached skill level 1 in Hexes
  2306 | D:2      | Reached skill level 1 in Summonings
  2306 | D:2      | Reached skill level 1 in Necromancy
  2306 | D:2      | Reached skill level 1 in Translocations
  2306 | D:2      | Reached skill level 1 in Transmutations
  2306 | D:2      | Reached skill level 1 in Ice Magic
  2306 | D:2      | Reached skill level 1 in Air Magic
  2306 | D:2      | Reached skill level 1 in Earth Magic
  2306 | D:2      | Reached skill level 1 in Poison Magic
  2735 | D:3      | Noticed a necrophage
  2746 | D:3      | Killed a necrophage
  2747 | D:3      | Reached XP level 5. HP: 41/41 MP: 0/9
  2962 | D:3      | Reached skill level 2 in Invocations
  3036 | D:3      | Found a faded altar of an unknown god.
  3168 | D:3      | Reached XP level 6. HP: 47/47 MP: 7/11
  3591 | D:4      | Reached skill level 5 in Polearms
  3822 | D:4      | Reached XP level 7. HP: 36/52 MP: 0/12
  4063 | D:4      | Found a staircase to the Ecumenical Temple.
  4082 | Temple   | Entered the Ecumenical Temple
  4429 | D:4      | Found a shadowy altar of Dithmenos.
  4471 | D:4      | Found a shimmering blue altar of Sif Muna.
  4600 | D:4      | Found a runed translucent door.
  4620 | D:4      | Noticed BuddhaDhamma's ghost (amateur MiBe)
  4778 | D:5      | Entered Level 5 of the Dungeon
  4892 | D:5      | Noticed Sigmund
  5092 | D:5      | Reached skill level 5 in Stealth
  5142 | D:5      | Reached skill level 3 in Invocations
  5346 | D:5      | Reached XP level 8. HP: 60/60 MP: 8/14
  5855 | D:5      | Killed Sigmund
  6017 | D:6      | Noticed Grinder
  6094 | D:6      | Noticed Blork the orc
  6103 | D:6      | Killed Blork the orc
  6169 | D:6      | Found a basalt altar of Yredelemnul.
  6215 | D:6      | Reached skill level 4 in Invocations
  6328 | D:6      | Learned a level 2 spell: Blink
  6419 | D:6      | Noticed Eustachio
  6435 | D:6      | Killed Eustachio
  6438 | D:6      | Reached XP level 9. HP: 66/66 MP: 0/16
  7013 | D:6      | Reached skill level 5 in Spellcasting
  7230 | D:7      | Reached skill level 5 in Fighting
  7230 | D:7      | Reached skill level 5 in Armour
  7391 | D:2      | Bought a scroll labelled XATHIYTR XUMA for 23 gold pieces
  7391 | D:2      | Bought a scroll labelled EQEHOMIOCS for 23 gold pieces
  7487 | D:4      | Killed BuddhaDhamma's ghost
  7731 | D:7      | Found a snail-covered altar of Cheibriados.
  7741 | D:7      | Became a worshipper of Cheibriados the Contemplative
  7964 | D:7      | Reached skill level 5 in Invocations
  8342 | D:7      | Reached * piety under Cheibriados
  8889 | D:8      | Found a broken altar of Ashenzari.
  9023 | D:8      | Found a hide-covered altar of Uskayaw.
  9371 | D:9      | Found a shimmering altar of Xom.
  9454 | D:9      | Reached skill level 5 in Short Blades
  9454 | D:9      | Reached skill level 5 in Long Blades
  9454 | D:9      | Reached skill level 5 in Axes
  9454 | D:9      | Reached skill level 5 in Maces & Flails
  9454 | D:9      | Reached skill level 5 in Staves
  9454 | D:9      | Reached skill level 5 in Ranged Weapons
  9454 | D:9      | Reached skill level 5 in Throwing
  9454 | D:9      | Reached skill level 5 in Dodging
  9454 | D:9      | Reached skill level 5 in Shields
  9454 | D:9      | Reached skill level 5 in Unarmed Combat
  9454 | D:9      | Reached skill level 5 in Evocations
  9454 | D:9      | Reached XP level 10. HP: 76/76 MP: 16/18
  9874 | D:9      | Reached ** piety under Cheibriados
 10761 | D:9      | Reached skill level 6 in Invocations
 11273 | D:9      | Learned a level 4 spell: Animate Armour
 11319 | D:10     | Entered Level 10 of the Dungeon
 11319 | D:10     | Noticed an oklob plant
 11726 | D:10     | Noticed an oklob plant
 11979 | D:10     | Noticed a two-headed ogre
 12052 | D:10     | Found a sacrificial altar of Ru.
 12258 | D:10     | Reached skill level 5 in Conjurations
 12258 | D:10     | Reached skill level 5 in Hexes
 12258 | D:10     | Reached skill level 5 in Summonings
 12258 | D:10     | Reached skill level 5 in Necromancy
 12258 | D:10     | Reached skill level 5 in Translocations
 12258 | D:10     | Reached skill level 5 in Transmutations
 12258 | D:10     | Reached skill level 5 in Ice Magic
 12258 | D:10     | Reached skill level 5 in Air Magic
 12258 | D:10     | Reached skill level 5 in Earth Magic
 12258 | D:10     | Reached skill level 5 in Poison Magic
 12258 | D:10     | Reached XP level 11. HP: 83/83 MP: 12/21
 12347 | D:10     | Reached *** piety under Cheibriados
 12380 | D:10     | Paralysed by a hornet for 3 turns
 12427 | D:10     | Found a staircase to the Orcish Mines.
 12480 | D:10     | Reached **** piety under Cheibriados
 12956 | D:10     | Reached skill level 7 in Invocations
 13102 | D:10     | Noticed an oklob plant
 13106 | D:10     | Paralysed by a floating eye for 4 turns
 13112 | D:10     | Paralysed by a floating eye for 2 turns
 13116 | D:10     | Paralysed by a floating eye for 4 turns
 13215 | D:10     | Killed a two-headed ogre
 13501 | D:11     | Found Veumiw's Antique Armour Shop.
 13756 | D:11     | Identified the +5 flail of Prescription {holy, Dex+4}
 14258 | D:11     | Found a staircase to the Lair.
 14294 | D:11     | Noticed a boulder beetle
 14309 | D:11     | Killed a boulder beetle
 14309 | D:11     | Reached ***** piety under Cheibriados
 14381 | D:11     | Noticed a two-headed ogre
 14390 | D:11     | Killed a two-headed ogre
 14391 | D:11     | Reached XP level 12. HP: 91/91 MP: 14/23
 15282 | D:12     | Noticed Fannar
 15393 | D:12     | Reached skill level 8 in Invocations
 15412 | D:11     | Learned a level 5 spell: Manifold Assault
 15436 | Lair:1   | Entered Level 1 of the Lair of Beasts
 15723 | Lair:1   | Noticed a boulder beetle
 15739 | Lair:1   | Killed a boulder beetle
 16541 | Lair:2   | Found a staircase to the Swamp.
 16985 | Lair:2   | Found a staircase to the Snake Pit.
 17265 | Lair:2   | Reached XP level 13. HP: 99/99 MP: 18/25
 17544 | Lair:2   | Found a transporter.
 17545 | Lair:2   | Found a transporter.
 17969 | Lair:2   | Reached skill level 9 in Invocations
 17985 | Lair:2   | Reached ****** piety under Cheibriados
 18281 | Lair:3   | Learned a level 4 spell: Flame Wave
 19456 | Lair:4   | Found a runed translucent gate.
 19457 | Lair:4   | Found a runed translucent gate.
 19458 | Lair:4   | Found a runed translucent gate.
 19495 | Lair:4   | Noticed Wuocso Bagia's ghost (journeyman TeSu)
 20293 | Lair:5   | Entered Level 5 of the Lair of Beasts
 20819 | Lair:5   | Reached skill level 10 in Polearms
 21038 | Lair:5   | Found a staircase to the Slime Pits.
 21299 | Lair:5   | Reached skill level 10 in Stealth
 21565 | Lair:5   | Reached XP level 14. HP: 102/108 MP: 13/27
 21659 | Lair:5   | Reached skill level 10 in Invocations
 22214 | Lair:5   | Found a viscous altar of Jiyva.
 23238 | Lair:5   | Reached skill level 10 in Spellcasting
 23496 | Lair:5   | Found a runed translucent door.
 23516 | Lair:5   | Reached skill level 10 in Fighting
 23516 | Lair:5   | Reached skill level 10 in Armour
 24558 | Orc:1    | Entered Level 1 of the Orcish Mines
 24614 | Orc:1    | Found a frozen archway.
 24651 | IceCv    | Entered an ice cave
 24705 | IceCv    | Reached skill level 10 in Fire Magic
 25153 | IceCv    | Reached skill level 10 in Short Blades
 25153 | IceCv    | Reached skill level 10 in Long Blades
 25153 | IceCv    | Reached skill level 10 in Axes
 25153 | IceCv    | Reached skill level 10 in Maces & Flails
 25153 | IceCv    | Reached skill level 10 in Staves
 25153 | IceCv    | Reached skill level 10 in Ranged Weapons
 25153 | IceCv    | Reached skill level 10 in Throwing
 25153 | IceCv    | Reached skill level 10 in Dodging
 25153 | IceCv    | Reached skill level 10 in Shields
 25153 | IceCv    | Reached skill level 10 in Unarmed Combat
 25153 | IceCv    | Reached skill level 10 in Evocations
 26164 | IceCv    | Reached XP level 15. HP: 117/117 MP: 29/29
 26180 | IceCv    | Reached skill level 11 in Invocations
 26359 | IceCv    | Noticed a frost giant
 26489 | IceCv    | Killed a frost giant
 27401 | Orc:2    | Entered Level 2 of the Orcish Mines
 27814 | Orc:2    | Found Efid's General Store.
 28260 | Orc:2    | Found Guosm's Distillery.
 28409 | Orc:2    | Found Gelan Wuirch's Book Shop.
 28526 | Orc:2    | Learned a level 6 spell: Summon Cactus Giant
 28533 | Orc:2    | Learned a level 6 spell: Iron Shot
 28763 | Orc:2    | Noticed an orc warlord
 29023 | Orc:2    | Killed an orc warlord
 29784 | Orc:2    | Found Semuel's Antique Armour Emporium.
 29786 | Orc:2    | Found Zistrekly's Antique Weapon Shoppe.
 30099 | Orc:2    | Found a staircase to the Elven Halls.
 30673 | D:11     | Bought a jacinth-encrusted scale mail for 261 gold pieces
 30673 | D:11     | Identified the +6 scale mail of the Morning Star {rC++
                  | Str+8 Int+2 Stlth-} (You bought it in a shop on level 11 of
                  | the Dungeon)
 30774 | Orc:2    | Bought a jewelled demon whip for 700 gold pieces
 30774 | Orc:2    | Identified the +5 demon whip of Accord {flame, Str+7} (You
                  | bought it in a shop on level 2 of the Orcish Mines)
 30786 | Orc:2    | Bought a pair of glowing gloves for 202 gold pieces
 30889 | D:11     | Bought a runed helmet for 217 gold pieces
 30900 | D:11     | Bought a pair of runed boots for 217 gold pieces
 30997 | Orc:2    | Bought a potion of magic for 80 gold pieces
 31260 | D:2      | Bought a potion of magic for 112 gold pieces
 31260 | D:2      | Bought a potion of magic for 112 gold pieces
 31260 | D:2      | Bought a potion of magic for 112 gold pieces
 31260 | D:2      | Bought a potion of flight for 42 gold pieces
 31334 | D:6      | Killed Grinder
 31538 | Orc:1    | Noticed an orc warlord
 31562 | Orc:2    | Killed an orc warlord
 32188 | D:12     | Killed Fannar
 33611 | D:13     | Found Uhucuph's Armour Shoppe.
 33645 | D:13     | Found a runed translucent door.
 33645 | D:13     | Found a runed translucent door.
 33803 | D:13     | Found a runed translucent door.
 33983 | D:13     | Found a gate to the Vaults.
 35088 | D:14     | Found a snail-covered altar of Cheibriados.
 35531 | D:14     | Reached XP level 16. HP: 120/125 MP: 10/31
 35696 | D:15     | Entered Level 15 of the Dungeon
 36124 | D:15     | Noticed Azrael
 36151 | D:15     | Killed Azrael
 36154 | D:15     | Reached skill level 12 in Invocations
 36387 | D:15     | Noticed Jorgrun
 36415 | D:15     | Killed Jorgrun
 36911 | D:15     | Noticed Josephine
 36923 | D:15     | Killed Josephine
 37287 | D:15     | Found a staircase to the Depths.
 37507 | Swamp:1  | Entered Level 1 of the Swamp
 38149 | Swamp:1  | Noticed Louise
 38168 | Abyss:3  | Cast into level 3 of the Abyss (Louise)
 38170 | Abyss:3  | Found a corrupted altar of Lugonu.
 38356 | Abyss:3  | Noticed a tentacled monstrosity
 38369 | Abyss:3  | Killed a tentacled monstrosity
 38559 | Abyss:3  | Noticed a bone dragon
 38586 | Abyss:3  | Killed a bone dragon
 38618 | Abyss:3  | Noticed an Executioner
 38621 | Abyss:3  | Noticed a kraken
 38645 | Abyss:3  | Killed a kraken
 38669 | Abyss:3  | Noticed a tentacled monstrosity
 38669 | Abyss:3  | Noticed a tentacled monstrosity
 38670 | Abyss:3  | Got an abyssal rune of Zot
 38860 | Abyss:3  | Noticed a daeva
 38864 | Swamp:1  | Escaped the Abyss
 38872 | Swamp:1  | Killed Louise
 38877 | Swamp:1  | Killed a daeva
 39477 | Swamp:1  | Identified the +6 short sword of Plog {flame, rF+ rN+
                  | Stlth+}
 39873 | Swamp:2  | Identified the ring "Rimidgh" {rElec rC++ AC+4 Str+7}
 40042 | Swamp:2  | Reached XP level 17. HP: 131/133 MP: 0/33
 40420 | Swamp:2  | Noticed Frances
 40428 | Swamp:2  | Learned a level 6 spell: Statue Form
 40442 | Swamp:2  | Killed Frances
 40807 | Orc:2    | Bought a kite shield for 121 gold pieces
 41176 | Swamp:3  | Noticed Donald
 41188 | Swamp:3  | Killed Donald
 41189 | Swamp:3  | Reached skill level 10 in Conjurations
 41189 | Swamp:3  | Reached skill level 10 in Hexes
 41189 | Swamp:3  | Reached skill level 10 in Summonings
 41189 | Swamp:3  | Reached skill level 10 in Necromancy
 41189 | Swamp:3  | Reached skill level 10 in Translocations
 41189 | Swamp:3  | Reached skill level 10 in Transmutations
 41189 | Swamp:3  | Reached skill level 10 in Ice Magic
 41189 | Swamp:3  | Reached skill level 10 in Air Magic
 41189 | Swamp:3  | Reached skill level 10 in Earth Magic
 41189 | Swamp:3  | Reached skill level 10 in Poison Magic
 42141 | Swamp:4  | Entered Level 4 of the Swamp
 42200 | Swamp:4  | Reached skill level 13 in Invocations
 43505 | Swamp:4  | Noticed the 27-headed Lernaean hydra
 44073 | Swamp:4  | Killed the 27-headed Lernaean hydra
 44619 | Swamp:4  | Got a decaying rune of Zot
 44723 | Snake:1  | Entered Level 1 of the Snake Pit
 45750 | Snake:1  | Found Doc Zyse's Book Shoppe.
 45753 | Snake:1  | Bought a book of the Wilderness for 608 gold pieces
 46035 | Snake:2  | Found Hoteippe's Jewellery Boutique.
 46035 | Snake:2  | Found Guisyladd's Book Shoppe.
 46176 | Snake:2  | Found Manoemn's Jewellery Boutique.
 46236 | Snake:2  | Learned a level 5 spell: Summon Forest
 46266 | Snake:2  | Noticed Kirke
 46576 | Snake:2  | Reached XP level 18. HP: 130/142 MP: 14/34
 46901 | Snake:2  | Killed Kirke
 47636 | Snake:3  | Found Vekax's General Store.
 47645 | Snake:3  | Bought a scroll of teleportation for 30 gold pieces
 48502 | Snake:4  | Entered Level 4 of the Snake Pit
 49390 | Snake:4  | Noticed Aizul
 49402 | Snake:4  | Killed Aizul
 49587 | Snake:4  | Reached skill level 14 in Invocations
 50194 | Snake:4  | Noticed a quicksilver dragon
 50200 | Snake:4  | Killed a quicksilver dragon
 50200 | Snake:4  | Noticed a quicksilver dragon
 50209 | Snake:4  | Killed a quicksilver dragon
 50441 | Snake:4  | Got a serpentine rune of Zot
 50577 | Snake:4  | Found Vunom's Antique Weapon Shop.
 51044 | Vaults:1 | Entered Level 1 of the Vaults
 51239 | Vaults:1 | Identified the ring "Hufufof" {rPois rC+ rN+ Dex+3}
 51485 | Snake:2  | Bought the amulet "Firon" {RegenMP rPois rN+ Regen+ SInv}
                  | for 793 gold pieces
 51799 | Vaults:1 | Identified the +9 scimitar of Beogh's Generosity
                  | {antimagic, rElec rC+ Dex+2}
 52036 | Vaults:1 | Reached XP level 19. HP: 142/150 MP: 2/36
 52276 | Vaults:1 | Got the Meditations on Assembled Confrontation
 52346 | Vaults:1 | Identified the +6 morningstar of Descent {protect, *Corrode
                  | rF+ Dex+7}
 52350 | Vaults:1 | Noticed a tentacled monstrosity
 52364 | Vaults:1 | Killed a tentacled monstrosity
 52455 | Vaults:1 | Got the Atlas of Lethal Beguiling
 52558 | Vaults:1 | Noticed a golden dragon
 52565 | Vaults:1 | Killed a golden dragon
 54539 | Vaults:2 | Reached skill level 15 in Invocations
 54915 | Vaults:2 | Reached XP level 20. HP: 143/159 MP: 28/38
 55788 | Vaults:3 | Noticed Sojobo
 55911 | Vaults:3 | Noticed Xtahua
 55921 | Vaults:3 | Killed Xtahua
 56154 | Vaults:3 | Found a gateway to a bazaar.
 56186 | Vaults:3 | Killed Sojobo
 56505 | Vaults:3 | Noticed Mennas
 56519 | Vaults:3 | Killed Mennas
 56538 | Vaults:3 | Reached skill level 15 in Polearms
 56679 | Vaults:3 | Found a staircase to the Crypt.
 56988 | Vaults:3 | Reached skill level 15 in Stealth
 57449 | Vaults:4 | Found a magical portal.
 57458 | WizLab   | Entered Eringya's Formal Garden
 57828 | WizLab   | Reached XP level 21. HP: 167/167 MP: 24/39
 57895 | WizLab   | Found a blossoming altar of Fedhas.
 58555 | Vaults:4 | Reached skill level 15 in Spellcasting
 58632 | Vaults:4 | Noticed Boris
 58637 | Vaults:4 | Reached skill level 16 in Invocations
 58642 | Vaults:4 | Killed Boris
 58643 | Vaults:4 | Reached skill level 15 in Fighting
 58643 | Vaults:4 | Reached skill level 15 in Armour
 59659 | Elf:1    | Entered Level 1 of the Elven Halls
 59669 | Elf:1    | Noticed Agnes
 59683 | Elf:1    | Killed Agnes
 59784 | Elf:1    | Noticed Roxanne
 59860 | Elf:1    | Killed Roxanne
 59900 | Elf:1    | Reached skill level 15 in Short Blades
 59900 | Elf:1    | Reached skill level 15 in Long Blades
 59900 | Elf:1    | Reached skill level 15 in Axes
 59900 | Elf:1    | Reached skill level 15 in Maces & Flails
 59900 | Elf:1    | Reached skill level 15 in Staves
 59900 | Elf:1    | Reached skill level 15 in Ranged Weapons
 59900 | Elf:1    | Reached skill level 15 in Throwing
 59900 | Elf:1    | Reached skill level 15 in Dodging
 59900 | Elf:1    | Reached skill level 15 in Shields
 59900 | Elf:1    | Reached skill level 15 in Unarmed Combat
 59900 | Elf:1    | Reached skill level 15 in Evocations
 60072 | Elf:1    | Identified the +10 whip of Demiatum {speed, Int+3}
 61389 | Elf:2    | Found Qaulav's General Store.
 61395 | Elf:2    | Bought a potion of heal wounds for 90 gold pieces
 61395 | Elf:2    | Bought a scroll of magic mapping for 135 gold pieces
 61395 | Elf:2    | Bought a potion of invisibility for 144 gold pieces
 61416 | Elf:2    | Found Viduatt's Assorted Antiques.
 61416 | Elf:2    | Found Xiuseicwig's Magic Scroll Emporium.
 61428 | Elf:2    | Found Icorehu's Armour Shoppe.
 61430 | Elf:2    | Bought a scroll of enchant armour for 232 gold pieces
 61430 | Elf:2    | Bought a scroll of enchant armour for 232 gold pieces
 61536 | Elf:2    | Found Unuegg's Book Shop.
 61668 | Elf:2    | Found a runed translucent gate.
 61668 | Elf:2    | Found a runed translucent gate.
 61668 | Elf:2    | Found a runed translucent gate.
 62033 | Elf:2    | Reached XP level 22. HP: 176/176 MP: 9/41
 62727 | Depths:1 | Entered Level 1 of the Depths
 62887 | Depths:1 | Identified the +4 war axe of Integrity {flame, Str+4}
 63007 | Depths:1 | Found a one-way gateway to a ziggurat.
 63154 | Depths:1 | Found a gateway to Hell.
 63349 | Depths:1 | Found a glowing silver altar of Zin.
 63767 | Depths:2 | Found an iron altar of Okawaru.
 63838 | Depths:2 | Found Vaatwovelu's Weapon Boutique.
 63984 | Depths:2 | Got the Treatise on Blistering Maleficent Liturgies
 63996 | Depths:2 | Found Hipiuco's Jewellery Shoppe.
 64001 | Depths:2 | Found Toafosh's Jewellery Emporium.
 64001 | Depths:2 | Found Peschanite's Antique Weapon Shoppe.
 64004 | Depths:2 | Found Orijaf's Magic Scroll Emporium.
 64528 | Depths:2 | Found a one-way gate leading to the halls of Pandemonium.
 65285 | Depths:3 | Found a one-way gate to the infinite horrors of the Abyss.
 65316 | Depths:3 | Noticed a golden dragon
 65343 | Depths:3 | Killed a golden dragon
 65565 | Depths:3 | Noticed the Enchantress
 65574 | Depths:3 | Reached skill level 17 in Invocations
 65580 | Depths:3 | Killed the Enchantress
 66007 | Depths:3 | Found a transporter.
 66007 | Depths:3 | Found a transporter.
 66009 | Depths:3 | Found a viscous altar of Jiyva.
 66097 | Depths:4 | Entered Level 4 of the Depths
 66712 | Depths:4 | Noticed a juggernaut
 66734 | Depths:4 | Killed a juggernaut
 66964 | Depths:4 | Found an ornate altar of the Wu Jian Council.
 66970 | Depths:4 | Identified the +9 flail of Resourcefulness {vorpal, Int+4}
 66983 | Depths:4 | Reached XP level 23. HP: 184/184 MP: 19/43
 67038 | Depths:4 | Noticed Boris
 67051 | Depths:4 | Killed Boris
 67194 | Depths:4 | Noticed a golden dragon
 67205 | Depths:4 | Killed a golden dragon
 67393 | Depths:4 | Found a glowing golden altar of the Shining One.
 67408 | Depths:4 | Identified the +3 scale mail "Zustaule" {rC- Dex+3 Stlth+}
 67453 | Depths:4 | Reached XP level 24. HP: 74/192 MP: 3/43
 67883 | Depths:4 | Found a radiant altar of Vehumet.
 68094 | Depths:4 | Found a sparkling altar of Nemelex Xobeh.
 68115 | Depths:4 | Noticed Grunn
 68498 | Depths:4 | Killed Grunn
 68624 | Depths:4 | Found a gate to the Realm of Zot.
 69059 | Depths:2 | Bought the ring "Entuomy" {rPois Str+3 Dex+4 Slay+5 Stlth+}
                  | for 982 gold pieces
 69322 | Elf:3    | Entered Level 3 of the Elven Halls
 69558 | Elf:3    | Found Doase's Distillery.
 69561 | Elf:3    | Bought a potion of mutation for 168 gold pieces
 69697 | Elf:3    | Paralysed by an air elemental for 1 turns
 69835 | Elf:3    | Reached skill level 15 in Fire Magic
 70165 | Elf:3    | Reached skill level 18 in Invocations
 70254 | Elf:3    | Identified the amulet "Gukkicsu" {Faith Will+}
 70265 | Elf:3    | Identified the +8 spear of Ydouw {vorpal, rElec}
 70355 | Elf:3    | Identified the +1 buckler "Calilu" {Dex+2}
 70398 | Elf:3    | Found the +10 Black Knight's barding {ponderous, rPois rN+}
 70402 | Elf:3    | Got the Incunable of Collective Imprecation
 70677 | Elf:3    | Noticed Mara
 70678 | Elf:3    | Noticed LustLizard's illusion
 70690 | Elf:3    | Killed Mara
 70833 | Elf:3    | Reached XP level 25. HP: 200/200 MP: 33/43
 71698 | Bazaar   | Entered a bazaar
 71702 | Bazaar   | Found Puir's Jewellery Boutique.
 71724 | Bazaar   | Found Vivvafri's Magic Scroll Emporium.
 71729 | Bazaar   | Bought a scroll of enchant armour for 120 gold pieces
 71749 | Bazaar   | Found Musk's Distillery.
 71754 | Bazaar   | Bought a potion of heal wounds for 75 gold pieces
 71754 | Bazaar   | Bought a potion of resistance for 150 gold pieces
 71754 | Bazaar   | Bought a potion of mutation for 120 gold pieces
 71771 | Bazaar   | Found Jyxkonyn's General Store.
 71863 | Vaults:5 | Entered Level 5 of the Vaults
 71920 | Vaults:5 | Identified the ring of Muquson {*Corrode +Blink MP+9
                  | Stlth+}
 72131 | Vaults:5 | Noticed Boris
 72150 | Vaults:5 | Noticed Bai Suzhen
 72264 | Vaults:5 | Identified the ring of Agareaw {Fly Slay+2}
 72366 | Vaults:5 | Killed Boris
 72495 | Vaults:5 | Killed Bai Suzhen
 72790 | Vaults:5 | Identified the +1 ring mail of Eklef {Dex+3}
 72792 | Vaults:5 | Got a silver rune of Zot
 72817 | Vaults:5 | Identified the +0 crystal plate armour of Ferocious Leaves
                  | {rCorr}
 72885 | Vaults:5 | Found Emninairupn's General Store.
 72938 | Vaults:5 | Got the Folio of the Changing Caves
 72959 | Vaults:5 | Noticed a dread lich
 72967 | Vaults:5 | Killed a dread lich
 73407 | Vaults:5 | Identified the +1 chain mail of Xuufiaj {Rampage +Blink rF-
                  | Str+4}
 73409 | Vaults:5 | Identified the +1 robe "Seeraic" {rCorr Stlth+}
 73413 | Vaults:5 | Identified the +3 short sword of Suteloze {vorpal, rF++}
 73651 | Vaults:5 | Found Toofih's Distillery.
 73655 | Vaults:5 | Bought a potion of resistance for 200 gold pieces
 73655 | Vaults:5 | Bought a potion of heal wounds for 100 gold pieces
 73655 | Vaults:5 | Bought a potion of heal wounds for 100 gold pieces
 74147 | Zot:1    | Entered Level 1 of the Realm of Zot
 74942 | Zot:1    | Reached XP level 26. HP: 209/209 MP: 44/44
 75553 | Zot:2    | Reached skill level 19 in Invocations
 75905 | Zot:2    | Reached skill level 15 in Conjurations
 75905 | Zot:2    | Reached skill level 15 in Hexes
 75905 | Zot:2    | Reached skill level 15 in Summonings
 75905 | Zot:2    | Reached skill level 15 in Necromancy
 75905 | Zot:2    | Reached skill level 15 in Translocations
 75905 | Zot:2    | Reached skill level 15 in Transmutations
 75905 | Zot:2    | Reached skill level 15 in Ice Magic
 75905 | Zot:2    | Reached skill level 15 in Air Magic
 75905 | Zot:2    | Reached skill level 15 in Earth Magic
 75905 | Zot:2    | Reached skill level 15 in Poison Magic
 76191 | Zot:2    | You fall into a shaft and drop 2 floors!
 78923 | Zot:4    | Found a transporter.
 79132 | Depths:2 | Bought a crystal battleaxe for 448 gold pieces
 79132 | Depths:2 | Identified the +4 battleaxe of Diet Blood {elec, rPois
                  | Will+} (You bought it in a shop on level 2 of the Depths)
 80370 | Depths:2 | Bought a scroll of enchant armour for 105 gold pieces
 80370 | Depths:2 | Bought a scroll of enchant weapon for 105 gold pieces
 81541 | Zot:5    | Entered Level 5 of the Realm of Zot
 81661 | Zot:5    | Reached XP level 27. HP: 206/218 MP: 23/45
 81993 | Zot:5    | Learned a level 7 spell: Summon Hydra
 82010 | Zot:5    | Learned a level 5 spell: Silence
 82099 | Zot:5    | Noticed a dread lich
 82107 | Zot:5    | Noticed an orb of fire
 82108 | Zot:5    | Gained mutation: You occasionally lose the ability to drink
                  | potions when taking damage. [an orb of fire]
 82149 | Zot:5    | Lost mutation: You occasionally lose the ability to drink
                  | potions when taking damage. [potion of mutation]
 82149 | Zot:5    | Gained mutation: Your flesh is heat resistant. (rF+)
                  | [potion of mutation]
 82149 | Zot:5    | Gained mutation: You have sharp toenails. [potion of
                  | mutation]
 82205 | Zot:5    | Killed an orb of fire
 83212 | Zot:5    | Noticed an orb of fire
 83213 | Zot:5    | Noticed a dread lich
 83221 | Zot:5    | Killed a dread lich
 83222 | Zot:5    | Noticed a dread lich
 83248 | Zot:5    | Gained mutation: Your body sometimes deteriorates upon
                  | taking damage. [an orb of fire]
 83254 | Zot:5    | Gained mutation: You have hidden genetic defects. [an orb
                  | of fire]
 83258 | Zot:5    | Gained mutation: You occasionally lose the ability to drink
                  | potions when taking damage. [an orb of fire]
 83259 | Zot:5    | Gained mutation: You are clumsy. (Dex -2) [an orb of fire]
 83260 | Zot:5    | Killed an orb of fire
 83262 | Zot:5    | Lost mutation: Your flesh is heat resistant. (rF+) [potion
                  | of mutation]
 83262 | Zot:5    | Lost mutation: You are clumsy. (Dex -2) [potion of
                  | mutation]
 83262 | Zot:5    | Gained mutation: Your flesh is cold resistant. (rC+)
                  | [potion of mutation]
 83262 | Zot:5    | Gained mutation: You are partially covered in iridescent
                  | scales. (AC +2) [potion of mutation]
 83263 | Zot:5    | Lost mutation: You occasionally lose the ability to drink
                  | potions when taking damage. [potion of mutation]
 83263 | Zot:5    | Lost mutation: Your body sometimes deteriorates upon taking
                  | damage. [potion of mutation]
 83263 | Zot:5    | Lost mutation: Your flesh is cold resistant. (rC+) [potion
                  | of mutation]
 83263 | Zot:5    | Gained mutation: You are resistant to electric shocks.
                  | (rElec) [potion of mutation]
 83263 | Zot:5    | Gained mutation: Your system is resistant to poisons.
                  | (rPois) [potion of mutation]
 83263 | Zot:5    | Gained mutation: You have terrible hidden genetic defects.
                  | [potion of mutation]
 83377 | Zot:5    | Killed a dread lich
 83378 | Zot:5    | Reached skill level 20 in Invocations
 83716 | Zot:5    | Identified a scroll of acquirement
 83766 | Zot:5    | Acquired a book of the Spheres
 83837 | Zot:5    | Gained mutation: You are frail. (-10% HP) [hidden defects]
 83841 | Zot:5    | Lost mutation: You are partially covered in iridescent
                  | scales. (AC +2) [potion of mutation]
 83841 | Zot:5    | Lost mutation: You are resistant to electric shocks.
                  | (rElec) [potion of mutation]
 83841 | Zot:5    | Lost mutation: You have terrible hidden genetic defects.
                  | [potion of mutation]
 83841 | Zot:5    | Gained mutation: You have a pair of small horns on your
                  | head. [potion of mutation]
 83841 | Zot:5    | Gained mutation: Your body sometimes deteriorates upon
                  | taking damage. [potion of mutation]
 83841 | Zot:5    | Lost mutation: You have sharp toenails. [potion of
                  | mutation]
 83841 | Zot:5    | Gained mutation: You have extremely sharp teeth. [potion of
                  | mutation]
 83842 | Zot:5    | Lost mutation: You have extremely sharp teeth. [potion of
                  | mutation]
 83842 | Zot:5    | Lost mutation: Your system is resistant to poisons. (rPois)
                  | [potion of mutation]
 83842 | Zot:5    | Lost mutation: You are frail. (-10% HP) [potion of
                  | mutation]
 83842 | Zot:5    | Gained mutation: You have terrible hidden genetic defects.
                  | [potion of mutation]
 83842 | Zot:5    | Gained mutation: Your mind is acute. (Int +4, Str/Dex -1)
                  | [potion of mutation]
 83843 | Zot:5    | Lost mutation: Your body sometimes deteriorates upon taking
                  | damage. [potion of mutation]
 83843 | Zot:5    | Lost mutation: You have a pair of small horns on your head.
                  | [potion of mutation]
 83843 | Zot:5    | Lost mutation: You have terrible hidden genetic defects.
                  | [potion of mutation]
 83843 | Zot:5    | Lost mutation: Your mind is acute. (Int +4, Str/Dex -1)
                  | [potion of mutation]
 83843 | Zot:5    | Gained mutation: Armour fits poorly on your strangely
                  | shaped body. [potion of mutation]
 83844 | Zot:5    | Lost mutation: Armour fits poorly on your strangely shaped
                  | body. [potion of mutation]
 83844 | Zot:5    | Lost mutation: You have hidden genetic defects. [potion of
                  | mutation]
 83844 | Zot:5    | Gained mutation: Armour fits poorly on your strangely
                  | shaped body. [potion of mutation]
 83844 | Zot:5    | Gained mutation: You are strong-willed. (Will+) [potion of
                  | mutation]
 83844 | Zot:5    | Gained mutation: You have a pair of small antennae on your
                  | head. [potion of mutation]
 84226 | Zot:5    | Killed a dread lich
 84624 | Slime:1  | Entered Level 1 of the Pits of Slime
 84636 | Slime:1  | Gained mutation: You are dopey. (Int -2) [a shining eye]
 84639 | Slime:1  | Gained mutation: You have hidden genetic defects. [a
                  | shining eye]
 84646 | Slime:1  | Gained mutation: You sometimes lose your temper in combat.
                  | [a shining eye]
 84648 | Slime:1  | Lost mutation: You sometimes lose your temper in combat.
                  | [potion of mutation]
 84648 | Slime:1  | Lost mutation: You have hidden genetic defects. [potion of
                  | mutation]
 84648 | Slime:1  | Lost mutation: You have a pair of small antennae on your
                  | head. [potion of mutation]
 84648 | Slime:1  | Gained mutation: You have an increased reservoir of magic.
                  | (+10% MP) [potion of mutation]
 84648 | Slime:1  | Gained mutation: Your body sometimes deteriorates upon
                  | taking damage. [potion of mutation]
 85139 | Zot:5    | Got the Orb of Zot
 85689 | D:2      | Noticed Puvor the pandemonium lord
 85689 | D:2      | Noticed an ancient lich
 85716 | D:$      | Escaped with the Orb!

Illustrated notes

Levels and vault maps discovered:
D:1:      scummos_arrival_forest, layout_loops_corners
D:2:      layout_rooms, serial_shops, nicolae_shop_competitors_out_of_business,
          nicolae_diamond_shop, shop, nicolae_square_shop, shop
D:3:      layout_basic, hellmonk_ecumenical_altar_arch_garden
D:4:      layout_rooms, mainiacjoe_overflow_catwalk,
          mainiacjoe_overflow_alcove_2, minmay_temple_entry_proselytizer,
          ebering_ghost_sewer_d
D:5:      layout_basic, uniq_sigmund
D:6:      layout_loops_ring, lemuel_round_altar, chequers_decorated_corner,
          uniq_eustachio, uniq_grinder, uniq_blork_the_orc
D:7:      layout_cave_pools, mainiacjoe_overflow_chevrons, glass_columns_a,
          minmay_gold_behind_fungi, grunt_decor_one_mirror
D:8:      layout_basic, ashenzari_altar_1, mainiacjoe_overflow_24_doors,
          minivault_24
D:9:      layout_layer_cave, xom_teletrap_fun
D:10:     layout_roguey, amcnicky_altar_gilded, zombieorc2_lemuel, serial_ice,
          serial_ice_c, serial_ice_l, serial_ice_b, serial_ice_e,
          disabler_island
D:11:     layout_layer_cave, due_lair_maze_entry_diamond, serial_shops,
          nicolae_shop_hallway_plus
D:12:     layout_roguey, uniq_fannar
D:13:     layout_small_grid, david_vaults_5, serial_shops,
          nicolae_shop_statue_plus, minivault_14, mikee_hates_you
D:14:     layout_cave_pods, cheibriados_altar_1
D:15:     grunt_enter_depths_hoard, layout_irregular_city, amethyst_killhole,
          uniq_jorgrun, uniq_azrael, uniq_josephine
Temple:   eino_temple_water
Lair:1:   layout_hall_layers
Lair:2:   gammafunk_boulding_lane, layout_loops_ring, minmay_swamp_entry_swarm,
          minmay_snake_entry_six_corridors, beast_lair_carwin_10
Lair:3:   layout_cave_shapes
Lair:4:   layout_loops_ring, gammafunk_ghost_necromancy,
          infiniplex_staircase_pool, grunt_megastairs_3, serial_bayou_shore_a
Lair:5:   wormcave, layout_small_grid, minmay_slime_entry_oklob_open,
          serial_bayou_lake_a
Swamp:1:  layout_basic_swamp, evilmike_swamp_ruin_house_2, swamp_pool2,
          uniq_louise
Swamp:2:  layout_basic_swamp, evilmike_swamp_ruin_house_4, uniq_frances
Swamp:3:  layout_basic_swamp, evilmike_swamp_ruin_house_3, uniq_donald
Swamp:4:  swamp_basic_johnstein, layout_basic_swamp, swamp_pool4
Snake:1:  layout_rooms, serial_shops, nicolae_shop_behind_doors
Snake:2:  layout_basic, serial_bayou_pond_e, serial_bayou_shore_b,
          minmay_shop_grove, lemuel_fruit_tree, uniq_kirke
Snake:3:  layout_cave_pods, serial_shops, shop
Snake:4:  hellmonk_snake_rune_quicksilver_temple, layout_misc_corridors,
          serial_shops, nicolae_lakefront_shop, uniq_aizul
Slime:1:  cheibrodos_slime_lost_civilization_8, layout_caves
Orc:1:    layout_diamond_mine, portal_ice_cave_entry_pillars_1
Orc:2:    grunt_orc_community_town_hall, layout_caves,
          grunt_orc_community_big_house_1, grunt_orc_community_big_house_1,
          grunt_orc_community_house_2, grunt_orc_community_house_3,
          grunt_orc_community_house_1, grunt_orc_community_house_3,
          grunt_orc_community_house_1, grunt_orc_community_house_2,
          serial_shops, nicolae_shop_statue_plus, mines1_david
Elf:1:    eino_elf_arrival_the_gate, layout_loops_cross,
          kennysheep_underground_church, minivault_16, grunt_ministairs_2,
          uniq_agnes, uniq_roxanne
Elf:2:    nicolae_elf_blades_splatter_lattice [nicolae_blade_little_rooms],
          layout_geoelf_diagonals, serial_shops, nicolae_shop_advertising_works
          [nicolae_subvault_shop_adworks], nicolae_shop_trees,
          nicolae_shop_temple_entry_statues_fountains, nicolae_shop_waterfront,
          nicolae_shop_waterfront, amcnicky_mini_rare_corridor_liquid
Elf:3:    minmay_elf_hall_circle, layout_geoelf_castle, serial_shops,
          nicolae_shop_trees, uniq_mara
Vaults:1: v_misc_2, st_greater_box_2, v_alt_pattern_2,
          nicolae_vaults_ring_of_whatevers, hangedman_vaults_maws,
          vaults_mumra_chevron_long, vaults_room_door_hall, vaults_room_hallway,
          nicolae_vaults_mini_display_case, grunt_vaults_hallway_long,
          vaults_room_fours, nicolae_vaults_little_squares_1,
          layout_vaults_chaotic_city
Vaults:2: v_misc_16, grunt_vaults_hallway_long, dpeg_vaults_monster_row,
          v_rooms_2, nicolae_vaults_little_squares_6,
          nicolae_vaults_inception_corners, ontoclasm_vaults_pinch, v_rooms_4,
          st_squares, vaults_mumra_minichess, ontoclasm_vaults_loading_screen,
          grunt_vaults_funnel, ontoclasm_vaults_twist, ontoclasm_vaults_gateway,
          ontoclasm_vaults_shuriken, ontoclasm_vaults_ligature,
          vaults_dpeg_hooks, layout_vaults_omnibox
Vaults:3: grunt_vaults_trifunnel, vaults_room_grid, grunt_vaults_bifocal,
          vaults_mumra_lcd, grunt_vaults_focal, vaults_dpeg_diagonal,
          vaults_room_pool, vaults_room_pool, nicolae_vaults_twisting_passages,
          nicolae_vaults_theta, nicolae_vaults_rhombus_6,
          layout_vaults_quadrants, minmay_crypt_entry_simple_round,
          serial_shops, bzr_in_the_mist, uniq_sojobo, uniq_xtahua, uniq_mennas
Vaults:4: mu_enter_wizlab_3, hangedman_vaults_locks, vaults_room_fours,
          hangedman_vaults_corner, v_pattern_4, v_misc_8,
          hangedman_vaults_snaps, nicolae_vaults_an_arrangement,
          nicolae_vaults_alarming, hangedman_vaults_corner_blocks,
          nicolae_vaults_asterisk, layout_vaults_omnicross, uniq_boris
Vaults:5: serial_shops, uniq_bai_suzhen
Depths:1: layout_cave_pools, enter_ziggurat_e, grunt_hell_entry_dis_old,
          nrook_mini_vaults, nicolae_eternal_life, zin_angel
Depths:2: hourglass_vault, layout_basic, serial_shops, shop_fountains,
          hell_entry, rand_demon_pan_entry_5, interstate_on_off,
          okawaru_trees_1, minmay_shoptagon, infiniplex_staircase_river
Depths:3: gammafunk_jiyva_shrine, layout_cave_shapes,
          hangedman_abyss_entry_splay, hellmouth_1, uniq_enchantress
Depths:4: grunt_profane_halls [grunt_profane_temple_coc,
          grunt_profane_temple_dis, grunt_profane_temple_tar,
          grunt_profane_temple_geh, grunt_zot_portal], hell_entry, uniq_grunn
Zot:1:    layout_twisted_circle
Zot:2:    layout_misc_corridors
Zot:3:    grunt_twist_and_shout, layout_onion, st_stairs_3,
          hangedman_spider_trapstep
Zot:4:    layout_misc_corridors, nicolae_diode_basic
Zot:5:    layout_cellular_growth

Skill      XL: |  1  2  3  4  5  6  7  8  9 10 11 12 13 14 15 16 17 18 19 20 21 22 23 24 25 26 27 |
---------------+----------------------------------------------------------------------------------+-----
Invocations    | 1 2 3 4 5 6 7 8 9 10 11 12 13 14 15 16 17 18 19 20 | 20.3
Short Blades   | 1 2 3 5 6 7 8 9 10 11 12 13 14 15 16 17 18 | 18.8
Long Blades    | 1 2 3 5 6 7 8 9 10 11 12 13 14 15 16 17 18 | 18.8
Axes           | 1 2 3 5 6 7 8 9 10 11 12 13 14 15 16 17 18 | 18.8
Maces & Flails | 1 2 3 5 6 7 8 9 10 11 12 13 14 15 16 17 18 | 18.8
Staves         | 1 2 3 5 6 7 8 9 10 11 12 13 14 15 16 17 18 | 18.8
Ranged Weapons | 1 2 3 5 6 7 8 9 10 11 12 13 14 15 16 17 18 | 18.8
Throwing       | 1 2 3 5 6 7 8 9 10 11 12 13 14 15 16 17 18 | 18.8
Dodging        | 1 2 3 5 6 7 8 9 10 11 12 13 14 15 16 17 18 | 18.8
Shields        | 1 2 3 5 6 7 8 9 10 11 12 13 14 15 16 17 18 | 18.8
Unarmed Combat | 1 2 3 5 6 7 8 9 10 11 12 13 14 15 16 17 18 | 18.8
Evocations     | 1 2 3 5 6 7 8 9 10 11 12 13 14 15 16 17 18 | 18.8
Spellcasting   | 3 4 5 6 7 8 9 10 11 12 13 14 15 16 17 18 | 18.9
Conjurations   | 1 2 3 4 5 6 7 8 9 10 11 12 13 14 15 16 | 16.0
Hexes          | 1 2 3 4 5 6 7 8 9 10 11 12 13 14 15 16 | 16.0
Summonings     | 1 2 3 4 5 6 7 8 9 10 11 12 13 14 15 16 | 16.0
Necromancy     | 1 2 3 4 5 6 7 8 9 10 11 12 13 14 15 16 | 16.0
Translocations | 1 2 3 4 5 6 7 8 9 10 11 12 13 14 15 16 | 16.0
Transmutations | 1 2 3 4 5 6 7 8 9 10 11 12 13 14 15 16 | 16.0
Ice Magic      | 1 2 3 4 5 6 7 8 9 10 11 12 13 14 15 16 | 16.0
Air Magic      | 1 2 3 4 5 6 7 8 9 10 11 12 13 14 15 16 | 16.0
Earth Magic    | 1 2 3 4 5 6 7 8 9 10 11 12 13 14 15 16 | 16.0
Poison Magic   | 1 2 3 4 5 6 7 8 9 10 11 12 13 14 15 16 | 16.0
Fighting       | 3 4 5 6 7 8 9 10 11 12 13 14 15 16 17 18 | 18.9
Armour         | 3 4 5 6 7 8 9 10 11 12 13 14 15 16 17 18 | 18.9
Polearms       | 5 6 7 8 9 10 11 12 13 14 15 16 17 18 19 | 19.2
Stealth        | 5 6 7 8 9 10 11 12 13 14 15 16 17 18 19 | 19.1
Fire Magic     | 6 7 8 9 10 11 12 13 14 15 16 | 16.8

Action                   |  1- 3 |  4- 6 |  7- 9 | 10-12 | 13-15 | 16-18 | 19-21 | 22-24 | 25-27 || total
-------------------------+-------+-------+-------+-------+-------+-------+-------+-------+-------++-------
Melee: Spear             |    16 |       |       |       |       |       |       |       |       ||    16
       Quarterstaff      |     4 |    18 |   130 |   439 |  1160 |       |       |       |       ||  1751
       Punch             |     1 |       |       |       |    21 |    39 |       |       |       ||    61
       Bite              |       |     2 |    13 |    75 |   186 |   112 |   131 |    99 |   227 ||   845
       Demon whip        |       |       |       |       |   337 |  1516 |  1645 |  1245 |  1421 ||  6164
       Unarmed           |       |       |       |       |       |    24 |       |       |   598 ||   622
 Cast: Foxfire           |    53 |    84 |   289 |   541 |   493 |    59 |       |       |       ||  1519
       Manifold Assault  |       |       |       |     8 |   240 |   384 |   444 |   448 |   537 ||  2061
       Animate Armour    |       |       |       |       |     3 |       |       |       |       ||     3
       Blink             |       |       |       |       |     1 |     1 |       |       |     1 ||     3
       Summon Cactus Gia |       |       |       |       |     3 |     9 |     5 |    17 |    15 ||    49
       Iron Shot         |       |       |       |       |       |     3 |       |       |       ||     3
       Summon Forest     |       |       |       |       |       |     2 |     5 |    13 |    12 ||    32
       Summon Hydra      |       |       |       |       |       |       |       |       |     4 ||     4
       Silence           |       |       |       |       |       |       |       |       |     1 ||     1
Invok: Step From Time    |       |       |       |       |     7 |       |       |     5 |     7 ||    19
       Slouch            |       |       |       |       |       |     8 |       |     3 |       ||    11
Evoke: Phantom mirror    |       |       |       |       |       |       |       |       |     2 ||     2
       Box of beasts     |       |       |       |       |       |       |       |       |     1 ||     1
  Use: Scroll            |     1 |       |    11 |     9 |    24 |    13 |     6 |    12 |    24 ||   100
       Potion            |       |       |       |     2 |     5 |    14 |       |    12 |    24 ||    57
 Stab: Sleeping          |     4 |       |       |       |     6 |    11 |    19 |       |       ||    40
       Distracted        |       |       |     1 |     2 |     2 |     4 |     4 |     6 |     4 ||    23
       Invisible         |       |       |       |       |       |       |       |       |     1 ||     1
Armor: Ring mail         |     4 |    15 |    80 |   127 |   186 |       |       |       |       ||   412
       Scale mail        |       |       |       |       |    41 |   276 |   141 |   103 |       ||   561
       Gold dragon scale |       |       |       |       |       |       |       |    17 |   348 ||   365
Dodge: Dodged            |     6 |    17 |   138 |   519 |  1222 |   884 |   316 |   324 |   558 ||  3984
Block: Kite shield       |       |       |       |       |       |   359 |   461 |   433 |   885 ||  2138
